 Dungeon Crawl Stone Soup version 0.29.0-13-gc9e81de378 (webtiles) character file.

Game seed: 13407153894660095251

39 smilodon the Sneak (level 3, -1/24 HPs)
             Began as a Demonspawn Enchanter on Sept 9, 2022.
             Slain by a worm (8 damage)
             ... on level 2 of the Dungeon.
             The game lasted 00:04:59 (1927 turns).

smilodon the Sneak (Demonspawn Enchanter)           Turns: 1927, Time: 00:04:59

Health: -1/24      AC:  4    Str: 10    XL:     3   Next: 26%
Magic:  1/6        EV: 12    Int: 16    God:
Gold:   77         SH:  0    Dex: 13    Spells: 3/6 levels left

rFire   . . .      SeeInvis .   a - +1 dagger
rCold   . . .      Faith    .   (no shield)
rNeg    . . .      Spirit   .   b - +0 robe
rPois   .          Reflect  .   i - +1 helmet
rElec   .          Harm     .   e - scarf {shadows}
rCorr   .          Rampage  .   (no gloves)
Will    .....                   (no boots)
Stlth   ++........              (no amulet)
HPRegen 0.08/turn               (no ring)
MPRegen 0.10/turn               (no ring)

@: no status effects
A: powered by pain 1
a: no special abilities


You were on level 2 of the Dungeon.
You visited 1 branch of the dungeon, and saw 2 of its levels.

You collected 77 gold pieces.

Inventory:

Hand Weapons
 a - a +1 dagger (weapon)
Armour
 b - a +0 robe (worn)
 e - a scarf of shadows (worn)
 g - a +0 buckler
 i - a +1 helmet (worn)
Jewellery
 d - a ring of resist corrosion
Potions
 c - 3 potions of invisibility
 f - a potion of attraction {unknown}
 h - a potion of curing


   Skills:
 - Level 1.0 Short Blades
 - Level 1.8 Dodging
 + Level 4.0 Stealth
 - Level 2.0 Spellcasting
 - Level 3.0 Hexes


You had 3 spell levels left.
You knew the following spells:

 Your Spells              Type           Power      Damage    Failure   Level
a - Slow                  Hex            44%        N/A       6%          1
b - Ensorcelled Hibernat  Hex/Ice        12%        N/A       17%         2

Your spell library contained the following spells:

 Spells                   Type           Power      Damage    Failure   Level
 Confusing Touch          Hex            11%        N/A       17%         3
 Tukima's Dance           Hex            11%        N/A       17%         3
 Dazzling Flash           Conj/Hex       12%        N/A       32%         3
 Vampiric Draining        Necr           1%         2d6       52%         3


Dungeon Overview and Level Annotations

Branches:
Dungeon (2/15)

Altars:

Shops:
D:2 *


Innate Abilities, Weirdness & Mutations

You sometimes gain a little power by taking damage.


Message History

The goblin unwields a +0 sling.
The goblin wields a +0 dagger.
The goblin misses you. The worm bites you.
You closely miss the goblin. The goblin closely misses you.
The worm bites you but does no damage.
You hit the goblin.
The goblin is moderately wounded.
The goblin closely misses you.
You hit the goblin.
The goblin is severely wounded.
The worm bites you but does no damage. The goblin hits you but does no damage.
You closely miss the goblin.
The goblin is severely wounded.
The goblin hits you but does no damage.
You hit the goblin.
You kill the goblin!
The worm bites you.
* * * LOW HITPOINT WARNING * * *
Your Stealth skill increases to level 4!
You hit the worm.
The worm is lightly wounded.
You hit the worm.
The worm is moderately wounded.
The worm closely misses you.
Casting: Ensorcelled Hibernation (safe; 17% risk of failure)
Confirm with . or Enter, or press ? or * to list all spells.
Aiming: Ensorcelled Hibernation (safe; 17% risk of failure)
Press: ? - help, Shift-Dir - straight line, f - worm
Aim: a worm (lightly wounded, chance to affect: 49%)
The worm resists with some effort.
The worm misses you.
You hit the worm but do no damage.
The worm is lightly wounded.
You hit the worm but do no damage.
The worm is lightly wounded.
The worm barely misses you.
You hit the worm.
The worm is lightly wounded.
You hit the worm.
The worm is lightly wounded.
The worm bites you!
You die...

...# ##...## #......
#....>. #......
#####+###......
......w@..#+#
......)##.#.###########
.......##...........<.#
.......##.............#
.......##.#...∩.......#
.......##.#...........#
.......##.#...........#
.......##.###########.#
#. .#


You could see a worm.

Vanquished Creatures
  An adder (D:2)
  2 dart slugs (D:1)
  3 endoplasms (D:1)
  4 goblins
  A hobgoblin (D:2)
  4 ball pythons
  6 bats
  2 frilled lizards
  2 kobolds (D:1)
  2 rats (D:1)
27 creatures vanquished.

Notes
Turn   | Place    | Note
-------+----------+-------------------------------------------
     0 | D:1      | smilodon the Demonspawn Enchanter began the quest for the
                  | Orb.
     0 | D:1      | Reached XP level 1. HP: 13/13 MP: 3/3
    48 | D:1      | Reached skill level 1 in Short Blades
   553 | D:1      | Reached skill level 3 in Stealth
   556 | D:1      | Gained mutation: You sometimes gain a little power by
                  | taking damage. [demonic ancestry]
   556 | D:1      | Reached XP level 2. HP: 6/19 MP: 5/5
   992 | D:1      | Learned a level 1 spell: Slow
   995 | D:1      | Learned a level 2 spell: Ensorcelled Hibernation
  1871 | D:2      | Found Xiczyran's General Store.
  1907 | D:2      | Reached XP level 3. HP: 19/24 MP: 1/6
  1921 | D:2      | Reached skill level 4 in Stealth
  1927 | D:2      | Slain by a worm

Illustrated notes

Levels and vault maps discovered:
D:1:      psy_arrival_radial01, layout_basic, serial_park_tiny_1,
          bh_walls_and_bars
D:2:      layout_basic, serial_shops, shop, minmay_circle_x

Skill      XL: |  1  2  3 |
---------------+----------+-----
Short Blades   | 1 |  1.0
Stealth        | 3 4 |  4.0
Dodging        | |  1.8
Spellcasting   | |  2.0
Hexes          | |  3.0

Action                   || total
-------------------------++-------
Melee: Dagger            ||    99
 Cast: Ensorcelled Hiber ||     9
       Slow              ||     2
  Use: Potion            ||     3
       Scroll            ||     2
 Stab: Sleeping          ||     5
Armor: Robe              ||    40
Dodge: Dodged            ||    73
